Map: Ever Dream LE

Players

liquidthermy (uThermal) - Winner!

  • Race: Terran Terran
  • Spawn Location: 1:00

Neeblet (Neeb)

  • Race: Protoss Protoss
  • Spawn Location: 7:00

Event: StayAtHomestory Cup #2

VOD

Have the link to the VOD?

Description

Time

  • Played on: June 12, 2020, 12:20 p.m.
  • Length: 5:00

All games in this series

Show
View Real Time Build Order
Export as new Build Order

liquidthermy Terran - Winner!

Build Orders: 1/1/1, Cyclone Opening 

Get SALT Encoding   

  12  0:01  SCV  
  13  0:13  SCV  
  14  0:17  Supply Depot  
  14  0:25  SCV  
  15  0:38  SCV, Barracks  
  16  0:44  Refinery  
  16  0:50  SCV  
  16  0:54  Refinery  
  17  1:02  SCV  
  18  1:15  SCV  
  20  1:25  Reaper  
  20  1:27  Orbital Command  
  20  1:29  Supply Depot  
  20  1:43  Factory  
  20  1:52  SCV  
  21  1:57  Barracks Reactor  
  21  2:04  SCV  
  22  2:11  Supply Depot  
  22  2:16  SCV  
  23  2:27  Starport  
  23  2:28  SCV, Factory Tech Lab  
  24  2:34  Marine x2  
  26  2:41  Barracks  
  26  2:46  Cyclone  
  29  2:51  Marine  
  29  2:52  Marine  
  31  3:04  Medivac  
  33  3:06  Supply Depot  
  33  3:09  Marine x2  
  35  3:18  Siege Tank  
  38  3:28  Marine  
  38  3:29  Marine x2  
  41  3:34  Supply Depot  
  41  3:40  Liberator  
  44  3:46  Marine  
  44  3:48  Marine  
  46  3:52  Marine  
  47  4:09  Siege Tank  
  49  4:15  Marine  
  48  4:18  Marine x2  
  43  4:33  Marine  
  43  4:36  Marine x2  
Show
View Real Time Build Order
Export as new Build Order

Neeblet Protoss 

Build Orders: 1 Gate Expand, Oracle Opening, Phoenix Opening 

Get SALT Encoding   

  12  0:00  Probe  
  13  0:13  Probe  
  14  0:16  Pylon  
  14  0:24  Probe  
  15  0:29  Assimilator  
  15  0:32  Probe  
  15  0:42  Probe, Gateway  
  17  0:54  Probe  
  18  1:06  Probe  
  19  1:18  Probe  
  19  1:24  Nexus  
  20  1:31  Cybernetics Core  
  20  1:35  Probe  
  21  1:40  Assimilator  
  21  1:48  Probe  
  21  1:50  Pylon  
  22  1:56  Probe  
  22  1:57  Stalker  
  23  2:04  Probe  
  25  2:14  Probe  
  26  2:17  Stargate  
  27  2:26  Probe  
  28  2:35  Probe  
  27  2:39  Probe  
  27  2:43  Probe  
  29  2:47  Warp Gate  
  29  2:49  Adept  
  29  2:51  Probe  
  33  2:53  Probe, Oracle  
  34  3:03  Probe  
  34  3:05  Probe  
  39  3:09  Pylon  
  39  3:15  Probe  
  39  3:17  Probe  
  41  3:23  Stalker  
  43  3:27  Probe  
  43  3:28  Phoenix  
  43  3:29  Probe  
  45  3:34  Pylon  
  45  3:39  Probe  
  48  3:47  Shield Battery  
  48  3:48  Shield Battery  
  49  3:49  Phoenix  
  49  3:53  Shield Battery  
  50  3:56  Pylon  
  50  4:00  Stalker  
  48  4:18  Phoenix  
  50  4:32  Gateway x2  
  50  4:33  Gateway  
  50  4:34  Gateway  
  50  4:38  Stalker  
  52  4:42  Pylon  
  52  4:45  Probe  
  52  4:46  Probe  
Tags
 
Add a new tag
Caveats
  • Supply blocks, unpowered buildings, or Contaminate may cause inaccurate times.
  • Supply counts are checked every 10 seconds.